 Dungeon Crawl Stone Soup version 0.30.0-15-g856e2d3f33 (webtiles) character file.

Game seed: 17271672786743569208

37 Sanktem7 the Covered (level 3, -8/33 HPs)
             Began as a Minotaur Fighter on May 19, 2023.
             Killed by divine providence
             ... invoked by an orc priest
              (14 damage)
             ... on level 1 of the Dungeon.
             The game lasted 00:02:40 (727 turns).

Sanktem7 the Covered (Minotaur Fighter)              Turns: 727, Time: 00:02:41

Health: -8/33      AC:  7    Str: 22    XL:     3   Next: 23%
Magic:  2/2        EV:  9    Int:  5    God:
Gold:   11         SH:  4    Dex:  9    Spells: 2/2 levels left

rFire   . . .        a - +0 war axe {axe}
rCold   . . .        c - +0 buckler
rNeg    . . .        b - +0 scale mail
rPois   .            (helmet restricted)
rElec   .            (no cloak)
rCorr   .            (no gloves)
SInv    .            (no boots)
Will    .....        (no amulet) Stlth
                     (no ring)
HPRegen 0.25/turn    (no ring)
MPRegen 0.08/turn

%: no passive effects
@: no status effects
A: horns 2, retaliatory headbutt
a: no special abilities


You were on level 1 of the Dungeon.
You visited 1 branch of the dungeon, and saw 2 of its levels.

You collected 11 gold pieces.


Innate Abilities, Weirdness & Mutations

You have a pair of horns on your head.
You reflexively headbutt those who attack you in melee.


   Skills:
 + Level 4.0 Fighting
 * Level 3.4 Axes
 + Level 4.0 Armour
 + Level 4.0 Shields


You had 2 spell levels left.
You didn't know any spells.
Your spell library was empty.

Inventory:

Hand Weapons
 a - a +0 war axe (weapon) {axe}
Missiles
 g - 19 stones (quivered) {throwing}
 i - 2 javelins {throwing}
Armour
 b - a +0 scale mail (worn)
 c - a +0 buckler (worn)
Scrolls
 e - a scroll of magic mapping {unknown}
 f - a scroll of fear {unknown}
 j - a scroll of identify {unknown}
Potions
 d - a potion of might
 h - a potion of haste {@q3}

Dungeon Overview and Level Annotations

Branches:
Dungeon (2/15) Zot: 11246

Altars:

#.....###....## #....###.#
#.....# ####..## ###### #.#
#.....# ##..### #.### #.....#
##...### ##.... ###..##
###...#########..... ##..#
###...#..........# ##.#
#####........##.###.. #.#
####..)).##.......).###. #.#
#.....o@o.#.#######..##. # #.#
#.....).o...# ##†.#. #
#.####.........### ##..#
#####..............# ##.#
...).....#.........# #..
...).....#.........######### ##.
#....#.###.................######
##.....#####.)############......#
###.##...###.## ##.####..


You could see an orc priest and 2 orcs.


Message History

No target in view!
No target in view!
No target in view!
No target in view!
No target in view!
No target in view!
No target in view!
No target in view!
No target in view!
No target in view!
No target in view!
No target in view!
No target in view!
Found a stone staircase leading down. 😎 HP[+1]
Your hp is fully restored (33).
An orc comes into view. It is wielding a +0 whip.
The orc shouts!
You hear a shout!
An orc is nearby!
An orc priest and 3 orcs come into view.
An orc is wielding a +1 short sword of speed.
The orc priest shouts!
The orc shouts!
The orc moves out of view.
A worm comes into view.
The orc priest mumbles some strange prayers to Beogh against you.
Beogh smites you!
The orc hits you but does no damage. 😮 HP[-12]
You take 12 damage, and now have 21/33 hp.
MASSIVE DAMAGE!! (PAUSE)
The orc priest attacks as you move away!
The orc priest closely misses you.
The orc priest calls down the wrath of Beogh upon you.
Beogh smites you!
* * * LOW HITPOINT WARNING * * *
😨 HP[-12]
You take 12 damage, and now have 9/33 hp.
MASSIVE DAMAGE!! (PAUSE)
The orc attacks as you move away! The orc hits you with a +0 flail.
* * * LOW HITPOINT WARNING * * *
😱 HP[-6]
You take 6 damage, and now have 3/33 hp.
There is an escape hatch in the floor here. 😱 HP[+1]
The orc priest looks encouraged for a moment.
There is a stone staircase leading up here.
You see here a +0 club {mace}.
You climb upwards.
There is a stone staircase leading down here. 😱 HP[+1]
You start resting. 😎 HP[+28]
Your hp is fully restored (33).
You climb downwards.
The orc barely misses you.
The orc priest looks satisfied for a moment.
The orc barely misses you.
There is a stone staircase leading up here.
You see here a +0 club {mace}.
You hit the orc but do no damage. x2; You block the orc's attack.
The orc hits you but does no damage. The orc closely misses you.
The orc hits you but does no damage.
You hit the orc. x2; You block the orc's attack. x2
You closely miss the orc. You headbutt the orc, but do no damage.
You closely miss the orc. The orc completely misses you.
You barely miss the orc. x2; You slash the orc!
You kill the orc!
The orc hits you with a +0 mace. You block the orc's attack.
The orc priest barely misses you. You block the orc's attack. 😕 HP[-4]
You take 4 damage, and now have 29/33 hp.
You hit the orc. You headbutt the orc, but do no damage. You hit the orc.
You hit the orc priest. You hit the orc.
The orc hits you with a +1 short sword of speed.
The orc priest invokes the aid of Beogh against you.
Beogh smites you!
* * * LOW HITPOINT WARNING * * *
You block the orc's attack. The orc hits you with a +0 mace.
* * * LOW HITPOINT WARNING * * *
The orc barely misses you. 😨 HP[-19]
You take 19 damage, and now have 10/33 hp.
MASSIVE DAMAGE!! (PAUSE)
The orc barely misses you.
The orc priest hits you but does no damage.
The orc hits you but does no damage. The orc barely misses you.
You climb upwards.
There is a stone staircase leading down here.
You slash the orc!
You kill the orc!
You barely miss the orc priest. You hit the orc. You barely miss the orc.
The orc hits you but does no damage. The orc priest barely misses you.
The orc hits you with a +0 mace.
* * * LOW HITPOINT WARNING * * *
The orc barely misses you. 😱 HP[-4]
You take 4 damage, and now have 6/33 hp.
You barely miss the orc. Your headbutt misses the orc. You hit the orc priest.
You hit the orc.
The orc priest invokes the aid of Beogh against you.
Beogh smites you!
You die...

Skill      XL: |  1  2 |
---------------+-------+-----
Axes           | 3 |  3.4
Fighting       | 4 |  4.0
Armour         | 4 |  4.0
Shields        | 4 |  4.0

Action                     || total
---------------------------++-------
  Melee: War axe           ||    61
         Headbutt          ||     7
 Armour: Scale mail        ||    39
  Dodge: Dodged            ||    23
  Block: Buckler           ||    15

Levels and vault maps discovered:
D:1:      minmay_arrival_plants_in_alcoves, layout_rooms, minmay_door_square
D:2:      layout_rooms, shapermc_ecumenical_altar_petra

Notes
Turn   | Place    | Note
-------+----------+-------------------------------------------
     0 | D:1      | Sanktem7 the Minotaur Fighter began the quest for the Orb.
     0 | D:1      | Reached XP level 1. HP: 19/19 MP: 0/0
     0 | D:1      | magus.rc [v1.9.6]
   185 | D:1      | Reached XP level 2. HP: 27/27 MP: 1/1
   278 | D:1      | Reached skill level 3 in Axes
   527 | D:2      | Reached skill level 4 in Fighting
   527 | D:2      | Reached skill level 4 in Armour
   527 | D:2      | Reached skill level 4 in Shields
   527 | D:2      | Reached XP level 3. HP: 31/33 MP: 2/2
   599 | D:2      | HP: 3/33 [orc/+0 flail (6)]
   726 | D:1      | HP: 6/33 [orc/+0 mace (5)]
   727 | D:1      | Killed from afar by an orc priest

Vanquished Creatures
  An adder (D:2)
  2 orcs
  4 ball pythons
  A bat (D:1)
  An endoplasm (D:1)
  A giant cockroach (D:1)
  4 goblins
  2 hobgoblins (D:1)
  2 jackals (D:1)
  A frilled lizard (D:2)
  2 kobolds (D:1)
  4 rats (D:1)
25 creatures vanquished.

Table legend:
 A = Non-vault XP
 B = Vault XP
 C = Vault XP percentage of total XP
 D = Non-vault monster count
 E = Vault monster count
 F = Vault count percentage of total count
                 A         B        C        D         E       F
            +---------+---------+-------+---------+---------+-------
      Total |      54 |       0 |   0.0 |      25 |       0 |   0.0
            +---------+---------+-------+---------+---------+-------
        D:1 |      32 |       0 |   0.0 |      19 |       0 |   0.0
        D:2 |      22 |       0 |   0.0 |       6 |       0 |   0.0
            +---------+---------+-------+---------+---------+-------

Skill      XL: |  1  2 |
---------------+-------+-----
Axes           | 3 |  3.4
Fighting       | 4 |  4.0
Armour         | 4 |  4.0
Shields        | 4 |  4.0

Action                     || total
---------------------------++-------
  Melee: War axe           ||    61
         Headbutt          ||     7
 Armour: Scale mail        ||    39
  Dodge: Dodged            ||    23
  Block: Buckler           ||    15

Illustrated notes

Table legend:
 A = Kills in this place as a percentage of kills in the entire game.
 B = Kills by you in this place as a percentage of kills by you in the entire game.
 C = Kills by friends in this place as a percentage of kills by friends in the entire game.
 D = Other kills in this place as a percentage of other kills in the entire game.
 E = Experience gained in this place as a percentage of experience gained in the entire game.
 F = Experience gained in this place divided by the number of levels of this place that you have seen.
                   A       B       C       D       E      F
               +-------+-------+-------+-------+-------+----------------------
         Total | 100.0 | 100.0 |   N/A |   N/A | 100.0 |  27.0
       Dungeon | 100.0 | 100.0 |   N/A |   N/A | 100.0 |  27.0
               +-------+-------+-------+-------+-------+----------------------

Table legend: (Time is in decaauts)
 A = Elapsed time spent in this place.
 B = Non-inter-level travel time spent in this place.
 C = Inter-level travel time spent in this place.
 D = Time resting spent in this place.
 E = Time spent auto-exploring this place.
 F = Levels seen in this place.
 G = Mean time per level.
                   A        B        C        D        E       F      G
               +--------+--------+--------+--------+--------+-----+--------+
         Total |    752 |    735 |     17 |    110 |    414 |   2 |  376.0 |
       Dungeon |    752 |    735 |     17 |    110 |    414 |   2 |  376.0 |
               +--------+--------+--------+--------+--------+-----+--------+

Top non-repeatable levels by time:
     D:1: 654 daAuts
     D:2: 97 daAuts
